 Dungeon Crawl Stone Soup version 0.26.1-10-gdfb7c7de75 (webtiles) character file.

Game seed: 9228871525776726140

68 sankara the Ruffian (level 4, -9/36 HPs)
             Began as a Minotaur Transmuter on Apr 2, 2021.
             Killed by nerve-wracking pain
             ... invoked by an orc priest
              (13 damage)
             ... on level 3 of the Dungeon.
             The game lasted 00:08:09 (2139 turns).

sankara the Ruffian (Minotaur Transmuter)           Turns: 2139, Time: 00:08:09

Health: -9/36      AC:  3    Str: 15    XL:     4   Next: 1%
Magic:  2/5        EV: 12    Int: 10    God:
Gold:   59         SH:  0    Dex: 11    Spells: 3/6 levels left

rFire    . . .     SeeInvis .     - Unarmed
rCold    . . .     Faith    .   (no shield)
rNeg     . . .     Spirit   .   g - +0 leather armour
rPois    .         Reflect  .   (helmet currently unavailable)
rElec    .         Harm     .   (no cloak)
rCorr    .         Rampage  .   (no gloves)
Will     .....                  (boots currently unavailable)
Stlth    +.........             o - amulet of regeneration
HPRegen  0.52/turn              (no ring)
MPRegen  0.09/turn              (no ring)

@: appendages (expiring), wereblooded
A: retaliatory headbutt, horns 2, talons 2
a: End Transformation


You were on level 3 of the Dungeon.
You had grown temporary talons.
You visited 1 branch of the dungeon, and saw 3 of its levels.

You collected 59 gold pieces.

Inventory:

Missiles
 d - 7 boomerangs
 l - 21 stones
Armour
 a - a +0 robe
 g - a +0 leather armour (worn)
 t - a +2 pair of boots (melded)
Jewellery
 o - an amulet of regeneration (around neck)
 p - an uncursed amulet of magic regeneration {unknown}
Scrolls
 c - a scroll of magic mapping
 f - a scroll of teleportation
 i - a scroll of identify
Potions
 h - 2 potions of heal wounds
 j - 2 potions of ambrosia {unknown}
 k - a potion of invisibility {unknown}
 n - a potion of lignification {unknown}
 q - a potion of haste {unknown}
 r - a potion of curing {unknown}


   Skills:
 + Level 1.9 Fighting
 + Level 1.0 Armour
 + Level 2.6 Dodging
 * Level 4.0 Unarmed Combat
 - Level 1.5 Spellcasting
 * Level 2.3 Transmutations


You had 3 spell levels left.
You knew the following spells:

 Your Spells              Type           Power        Failure   Level
a - Beastly Appendage     Tmut           10%          16%         1
b - Wereblood             Tmut           5%           24%         2

Your spell library contained the following spells:

 Spells                   Type           Power        Failure   Level
 Spider Form              Tmut/Pois      1%           58%         3
 Ice Form                 Ice/Tmut       3%           94%         4
 Blade Hands              Tmut           2%           99%         5


Dungeon Overview and Level Annotations

Branches:
Dungeon (3/15)

Altars:

Annotations:
D:2 Sigmund


Innate Abilities, Weirdness & Mutations

You reflexively headbutt those who attack you in melee.
You have a pair of horns on your head.
You have razor-sharp toenails.


Message History

You closely miss the orc.
The orc is severely wounded.
The orc priest closely misses you.
You hit the orc.
You kill the orc!
You howl as the wereblood boils in your veins!
The orc priest hits you.
* * * LOW HITPOINT WARNING * * *
You have reached level 4!
You feel stronger.
You hit the orc priest. Your kick misses the orc priest.
The orc priest is lightly wounded.
The orc priest barely misses you. You furiously retaliate!
You headbutt the orc priest! You closely miss the orc priest.
The orc priest is severely wounded.
You howl as the wereblood boils in your veins!
The orc priest invokes the aid of Beogh against you.
Pain shoots through your body!
You die...

#####.#
#.@)..#
##o)..#
##.......
..#####
..# ..#
.....
####...
#.....#


You could see an orc priest.

Vanquished Creatures
  3 adders (D:2)
  A worm (D:2)
  3 leopard geckos
  2 orcs (D:3)
  3 giant cockroaches
  4 goblins
  3 hobgoblins
  3 kobolds
  4 bats (D:2)
  A frilled lizard (D:3)
  8 rats
35 creatures vanquished.

Notes
Turn   | Place    | Note
-------+----------+-------------------------------------------
     0 | D:1      | sankara the Minotaur Transmuter began the quest for the
                  | Orb.
     0 | D:1      | Reached XP level 1. HP: 16/16 MP: 1/1
   831 | D:2      | Reached XP level 2. HP: 23/23 MP: 1/3
  1034 | D:2      | Learned a level 2 spell: Wereblood
  1276 | D:2      | Found a faded altar of an unknown god.
  1317 | D:2      | You fall into a shaft and drop 1 floor!
  1323 | D:3      | Reached XP level 3. HP: 28/28 MP: 2/4
  1569 | D:2      | Reached skill level 4 in Unarmed Combat
  1575 | D:2      | Reached skill level 1 in Armour
  1931 | D:2      | Noticed Sigmund
  2138 | D:3      | Reached XP level 4. HP: 3/36 MP: 1/5
  2139 | D:3      | Killed from afar by an orc priest

Illustrated notes

Levels and vault maps discovered:
D:1:      roderic_octagonal_star, layout_loops_ring
D:2:      layout_loops_corners, chequers_ecumenical_altar_simple, uniq_sigmund
D:3:      layout_rooms, gammafunk_temple_overflow_pools, uniq_crazy_yiuf_cottage

Skill      XL: |  1  2  3 |
---------------+----------+-----
Transmutations | 2 |  2.3
Unarmed Combat | 4 |  4.0
Armour         | 1 |  1.0
Fighting       | |  1.9
Dodging        | |  2.6
Spellcasting   | |  1.5

Action                   |  1- 3 |  4- 6 || total
-------------------------+-------+-------++-------
Melee: Unarmed           |    71 |     2 ||    73
       Kick              |    15 |       ||    15
       Headbutt          |     5 |       ||     5
       Punch             |     1 |       ||     1
 Cast: Beastly Appendage |    26 |       ||    26
       Wereblood         |     1 |       ||     1
  Use: Scroll            |     7 |       ||     7
Armor: Robe              |     1 |       ||     1
       Leather armour    |    12 |       ||    12
Dodge: Dodged            |    46 |     1 ||    47
